 Dungeon Sprint DCSS version 0.18-a0-1300-g6e8322c (webtiles) character file.

330393 Kidiri the Ninja (level 18, -10/104 HPs)
             Began as a Spriggan Enchanter on Feb 11, 2016.
             Was the Champion of Dithmenos.
             Killed from afar by Antaeus (33 damage)
             ... with a flash freeze
             ... in the Dungeon (Sprint III: "The Ten Rune Challenge").
             The game lasted 01:56:17 (19056 turns).

Kidiri the Ninja (Spriggan Enchanter)              Turns: 19056, Time: 01:56:17

Health: -10/104    AC: 10    Str:  8    XL:     18   Next: 90%
Magic:  47/58      EV: 45    Int: 29    God:    Dithmenos [******]
Gold:   1831       SH: 18    Dex: 26    Spells: 19 memorised, 7 levels left

rFire  . . .     SeeInvis +     W - +0 short sword (venom)
rCold  . . .     Gourm    .     K - +1 robe of Niabb {Str+4 Int+4}
rNeg   . . .     Faith    .     A - +3 buckler {reflect}
rPois  +         Spirit   .     w - +3 hat of Pondering {ponderous, MR+ MP+10 Int+5}
rElec  .         Dismiss  .     t - +2 cloak {rPois}
rCorr  .         Reflect  +     (gloves unavailable)
SustAt .         Harm     .     (boots unavailable)
MR     ++++.     Rnd*Rage +     Q - amulet of Balance {Reflect rPois rC- Dex+5 Slay+6 SH+4}
Stlth  ++++++++++ NoTele   +    R - ring of protection from cold
                                r - ring of flight

@: flying, wreathed by umbra, very quick, incredibly resistant to hostile
enchantments, uncannily stealthy
A: unfitting armour, rugged brown scales 1, see invisible, berserk 1, deformed
body, herbivore 3, speed 3, sense surroundings 1, slow regeneration 1, slow
metabolism 2
a: Shadow Step, Shadow Form, Renounce Religion, Stop Flying
}: 6/10 runes: decaying, barnacled, silver, golden, iron, bone


You were in the Dungeon.
You worshipped Dithmenos.
Dithmenos was exalted by your worship.
You were not hungry.

You visited 1 branch You collected 5541 gold pieces.
You spent 3710 gold pieces at shops.

Inventory:

Hand Weapons
 n - the +1 rapier of Spores {holy, rF+}
   (You bought it in a shop in the Dungeon)

   It has been blessed by the Shining One to cause great damage to the undead
   and demons.
   It protects you from fire.
 v - a +5 rapier of venom
 W - a +0 short sword of venom (weapon)
Missiles
 l - 20 throwing nets (quivered)
Armour
 m - the +1 buckler of Holum {-Tele *Corrode rElec Int+5}
   (You found it in the Dungeon)

   It affects your intelligence (+5).
   It insulates you from electricity.
   It prevents most forms of teleportation.
   It may corrode your equipment when you take damage.
 t - a +2 cloak of poison resistance (worn)
 w - the +3 hat of Pondering (worn) {ponderous, MR+ MP+10 Int+5}
   (You took it off Gastronok in the Dungeon)

   It affects your intelligence (+5).
   It affects your resistance to hostile enchantments.
   It affects your magic capacity (+10).
 A - a +3 buckler of reflection (worn)
 K - the +1 robe of Niabb (worn) {Str+4 Int+4}
   (You took it off a skeletal warrior in the Dungeon)

   It affects your strength (+4).
   It affects your intelligence (+4).
Jewellery
 d - the ring of Icod {*Confuse rElec rPois rF+ rN+}
   (You acquired it in the Dungeon)

   [ring of poison resistance]

   It protects you from fire.
   It insulates you from electricity.
   It protects you from poison.
   It protects you from negative energy.
   It may confuse you when you take damage.
 r - a ring of flight (left hand)
 y - the amulet "Geuvyu" {Gourm rPois rN++ Str+3}
   (You bought it in a shop in the Dungeon)

   [amulet of the gourmand]

   It allows you to eat raw meat even when not hungry.
   It affects your strength (+3).
   It protects you from poison.
   It greatly protects you from negative energy.
 z - the ring of Hard Scrabble {+Inv rN+ Str+2 Stlth+}
   (You found it in the Dungeon)

   [ring of stealth]

   It affects your strength (+2).
   It protects you from negative energy.
   It lets you turn invisible.
   It makes you more stealthy.
 B - an uncursed ring of protection from fire
 D - the amulet of Wacuwkua {Reflect *Confuse rN+ Dex+2 Slay+2 SH+2}
   (You found it in the Dungeon)

   [amulet of reflection]

   It shields you and reflects attacks.
   It affects your dexterity (+2).
   It affects your accuracy and damage with ranged weapons and melee attacks
   (+2).
   It protects you from negative energy.
   It may confuse you when you take damage.
   It affects your SH (+2).
 Q - the amulet of Balance (around neck) {Reflect rPois rC- Dex+5 Slay+6 SH+4}
   (You found it in the Dungeon)

   [amulet of reflection]

   It shields you and reflects attacks.
   It affects your dexterity (+5).
   It affects your accuracy and damage with ranged weapons and melee attacks
   (+6).
   It makes you vulnerable to cold.
   It protects you from poison.
   It affects your SH (+4).
 R - a ring of protection from cold (right hand)
Wands
 b - a wand of iceblast (6/15)
 C - a wand of acid (10/15)
 H - a wand of heal wounds (0/9)
 J - a wand of heal wounds (5/9)
 M - a wand of iceblast (9/15)
 V - a wand of hasting (6/9)
 X - a wand of heal wounds (5/9)
Scrolls
 a - 3 scrolls of silence
 p - 3 scrolls of torment
 q - 4 scrolls of enchant armour
 E - a scroll of recharging {unknown}
 I - a scroll of remove curse
 L - a scroll of fog {unknown}
 T - 3 scrolls of amnesia {unknown}
Potions
 c - a potion of might
 e - 2 potions of lignification
 g - 2 potions of haste
 h - 4 potions of magic
 i - a potion of berserk rage
 o - 7 potions of flight
 s - 3 potions of brilliance
 u - a potion of ambrosia
 F - 3 potions of curing
 G - 4 potions of resistance
 N - 2 potions of heal wounds
 O - 4 potions of agility
 P - a potion of experience {unknown}
Books
 x - a book of Clouds

   Spells                             Type                      Level
   a - Mephitic Cloud                 Conjuration/Poison/Air       3
   b - Conjure Flame                  Conjuration/Fire             3
   c - Poisonous Cloud                Conjuration/Poison/Air       6
   d - Freezing Cloud                 Conjuration/Ice/Air          6
   e - Ring of Flames                 Charms/Fire                  7
 U - a book of Power

   Spells                             Type                      Level
   a - Fulminant Prism                Conjuration/Hexes            4
   b - Iskenderun's Mystic Blast      Conjuration                  4
   c - Venom Bolt                     Conjuration/Poison           5
   d - Bolt of Magma                  Conjuration/Fire/Earth       5
   e - Iron Shot                      Conjuration/Earth            6
   f - Orb of Destruction             Conjuration                  7
   g - Spellforged Servitor           Conjuration/Summoning        7
Comestibles
 f - a fruit
 k - 26 royal jellies


   Skills:
 + Level 13.8 Fighting
 * Level 23.4 Short Blades
 + Level 12.8 Armour
 O Level 27 Dodging
 O Level 27 Stealth
 + Level 12.7 Shields
 * Level 25.1 Spellcasting
 + Level 12.9 Conjurations
 + Level 18.8 Hexes
 + Level 20.5 Charms
 + Level 17.5 Translocations
 + Level 16.6 Transmutations
 + Level 13.8 Ice Magic
 + Level 12.3 Air Magic
 + Level 12.4 Earth Magic
 + Level 13.2 Poison Magic
 - Level 4.2 Invocations
 + Level 15.9 Evocations


You had 7 spell levels left.
You knew the following spells:

 Your Spells              Type           Power        Failure   Level  Hunger
a - Corona                Hex            #######      0%          1    None
b - Ensorcelled Hibernat  Hex/Ice        ######       0%          2    None
c - Confuse               Hex            #######.     0%          3    None
d - Tukima's Dance        Hex            #######.     0%          3    None
e - Dazzling Spray        Conj/Hex       #######.     0%          3    None
f - Magic Dart            Conj           ####         0%          1    None
g - Searing Ray           Conj           ######       0%          2    None
h - Fulminant Prism       Conj/Hex       #######...   0%          4    None
i - Iskenderun's Mystic   Conj           #######.     1%          4    None
j - Iskenderun's Battles  Conj/Chrm      #######.     1%          5    None
k - Stone Arrow           Conj/Erth      ######       0%          3    None
l - Mephitic Cloud        Conj/Pois/Air  #######.     0%          3    None
m - Passwall              Trmt/Erth      #######...   0%          2    None
n - Petrify               Trmt/Erth      #######.     1%          4    None
o - Slow                  Hex            #######.     0%          2    None
p - Gell's Gravitas       Hex/Tloc       #######...   0%          3    None
q - Cause Fear            Hex            #######...   0%          4    None
r - Lee's Rapid Deconstr  Erth           #######...   1%          5    None
s - Freezing Cloud        Conj/Ice/Air   #######...   1%          6    None


Dungeon Overview and Level Annotations

Branches:
Dungeon (1/1)

Altars:
Cheibriados
Dithmenos
Elyvilon
Fedhas
Gozag
Kikubaaqudgha
Makhleb
Nemelex Xobeh
Okawaru
Pakellas
Qazlal
Ru
Sif Muna
Trog
Vehumet
Xom
Yredelemnul
Zin
The Shining One
Jiyva
Lugonu

Shops:
D :!([(%:%[}}%?(:![[(:(%}=

Annotations:
D Antaeus


Innate Abilities, Weirdness & Mutations

You are tiny and cannot use many weapons and most armour.
You have supernaturally acute eyesight.
You are a herbivore.
You cover ground extremely quickly.
You need consume almost no food.
You are partially covered in rugged brown scales (AC +1, +3% HP).
You tend to lose your temper in combat.
Armour fits poorly on your strangely shaped body.
You passively map a small area around you.
You regenerate slowly when monsters are visible.


Message History

Confirm with . or Enter, or press ? or * to list all spells.
Aiming: Fulminant Prism
Press: ? - help, Dir - move target cursor You conjure a prism of explosive energy!
You block Antaeus's attack. Antaeus closely misses you.
Casting: Fulminant Prism
Confirm with . or Enter, or press ? or * to list all spells.
Aiming: Fulminant Prism
Press: ? - help, Dir - move target cursor You conjure a prism of explosive energy!
Antaeus hits you! Antaeus freezes you!!!
* * * LOW HITPOINT WARNING * * *
You emit a cloud of dark smoke.
You block Antaeus's attack.
You hear a loud crackle.
Unknown command.
Drink which item? (? for menu, Esc to quit)
You feel much better. Antaeus gestures at you. The flash freeze hits you!
You die...

▓.......................
▓#######'#############+#
###≈≈≈≈≈≈≈≈≈##§§§#§§§§
#[+≈#+#≈≈#####§§§+§§§§
####≈#.#≈≈#)# #§§§#§§§§
#≈≈≈≈###*≈#'####+######
#≈≈≈≈§≈§≈≈≈≈≈# #§§§§§§§
#≈≈≈≈#C#≈≈≈≈≈###+######
##+#≈#@#≈≈#+###§§§#§§§§
#)#≈###≈≈#.# #§§§+.§§§
###≈≈≈≈≈≈### #§§§#§§§§
######## #########


You could see Antaeus.

Vanquished Creatures
  Gloorx Vloq (D)
  Ereshkigal (D)
  Dispater (D)
  Mara (D)
  Mennas (D)
  9 greater mummies (D)
  Boris (D)
  An iron giant (D)
  Frederick (D)
  Nikola (D)
  Geryon (D)
  A lich (D)
  3 Hell Sentinels (D)
  A titan (D)
  5 Ice Fiends (D)
  A deep elf master archer (D)
  Frances (D)
  Polyphemus (D)
  Gastronok (D)
  An ancient champion (D)
  A storm dragon (D)
  Chuck (D)
  2 sphinxes (D)
  4 shadow dragons (D)
  Roxanne (D)
  4 azure jellies (D)
  Ilsuiw (D)
  2 fire giants (D)
  A frost giant (D)
  3 ghost moths (D)
  Maud (D)
  An iron dragon (D)
  Wiglaf (D)
  4 war gargoyles (D)
  2 vampire knights (D)
  3 stone giants (D)
  A deep elf demonologist (D)
  Azrael (D)
  2 deep elf annihilators (D)
  2 dire elephants (D)
  A deep elf death mage (D)
  8 mummy priests (D)
  A deep elf high priest (D)
  14 vault guards (D)
  Erolcha (D)
  A merfolk javelineer (D)
  A fire dragon (D)
  3 yaktaur captains (D)
  2 hell beasts (D)
  3 hydras (D)
  2 centaur warriors (D)
  4 death yaks (D)
  2 iron elementals (D)
  4 dancing weapons (D)
  A titan zombie (D)
  An ogre mage (D)
  A shock serpent (shapeshifter) (D)
  4 orc high priests (D)
  2 soul eaters (D)
  A hell hog (shapeshifter) (D)
  2 sun demons (D)
  2 deep elf knights (D)
  A shadow wraith (D)
  An iron golem (D)
  2 death drakes (D)
  7 skeletal warriors (D)
  A death drake (shapeshifter) (D)
  An anaconda zombie (D)
  A spriggan druid (D)
  A sea snake (D)
  A spectral iron dragon (D)
  An orange crystal statue (D)
  A spectral hydra (D)
  3 kraken simulacra (D)
  2 obsidian statues (D)
  2 swamp dragons (shapeshifter) (D)
  A lindwurm (D)
  3 deep elf magi (D)
  A hornet (D)
  4 crystal guardians (D)
  2 oklob plants (D)
  5 ugly things (D)
  2 orc sorcerers (D)
  2 elephants (D)
  A manticore (shapeshifter) (D)
  3 rust devils (D)
  2 black mambas (D)
  6 statues (D)
  2 spiny frogs (D)
  A molten gargoyle (D)
  A komodo dragon (D)
  2 anaconda simulacra (D)
  2 ice devils (D)
  11 yaktaurs (D)
  A fire drake (D)
  25 guardian mummies (D)
  A queen bee (D)
  3 wandering mushrooms (D)
  4 spriggan defenders (D)
  2 giant leeches (D)
  9 slime creatures (D)
  8 blink frogs (D)
  5 redbacks (D)
  2 spriggans (D)
  12 shadows (D)
  2 hill giants (D)
  2 iron troll simulacra (D)
  A spatial vortex (D)
  3 hydra simulacra (D)
  A swamp drake (D)
  An orc warrior (D)
  2 wasps (D)
  A necrophage (D)
  A fire dragon simulacrum (D)
  4 swamp dragon skeletons (D)
  3 two-headed ogres (D)
  A water elemental (D)
  A scorpion (D)
  32 killer bees (D)
  3 electric eels (D)
  A wizard (D)
  10 quasits (D)
  4 orc priests (D)
  A jelly (D)
  2 orc wizards (D)
  Jessica (D)
  A necromancer (D)
  A kobold demonologist (D)
  3 sheep (D)
  3 humans (D)
  A giant eyeball (D)
  An ooze (D)
  8 orcs (D)
  2 rats (D)
  7 ballistomycetes (D)
  8 bushes (D)
  7 butterflies (D)
  2 giant spores (D)
  5 plants (D)
407 creatures vanquished.

Vanquished Creatures (collateral kills)
  Rupert (D)
  2 vault guards (D)
  2 deep elf knights (D)
  2 skeletal warriors (D)
  2 butterflies (D)
9 creatures vanquished.

Vanquished Creatures (others)
  2 draconian scorchers (D)
  A stone giant (D)
  7 dancing weapons (D)
  A death drake (D)
  2 statues (D)
  3 yaktaurs (D)
  2 guardian mummies (D)
  2 ball lightnings (D)
  An orc (D)
  15 fulminant prisms (D)
  5 giant spores (D)
  6 plants (D)
  8 tentacles (D)
  105 tentacle segments (D)
160 creatures vanquished.

Grand Total: 576 creatures vanquished

Notes
Turn   | Place    | Note
--------------------------------------------------------------
     0 | D        | Kidiri the Spriggan Enchanter began the quest for the Orb.
     0 | D        | Reached XP level 1. HP: 9/9 MP: 5/5
    21 | D        | Reached skill level 5 in Stealth
   141 | D        | Noticed Jessica
   143 | D        | Killed Jessica
   143 | D        | Reached skill level 1 in Fighting
   143 | D        | Reached skill level 1 in Armour
   143 | D        | Reached skill level 6 in Stealth
   143 | D        | Reached XP level 2. HP: 12/14 MP: 5/7
   143 | D        | Reached XP level 3. HP: 15/18 MP: 6/9
   149 | D        | Learned a level 2 spell: Ensorcelled Hibernation
   153 | D        | Learned a level 3 spell: Confuse
   157 | D        | Learned a level 3 spell: Dazzling Spray
   167 | D        | Killed a white draconian scorcher
   202 | D        | Killed a yaktaur
   209 | D        | Reached skill level 5 in Dodging
   222 | D        | Noticed a scorpion
   229 | D        | Killed a scorpion
   229 | D        | Reached skill level 7 in Stealth
   229 | D        | Reached skill level 1 in Conjurations
   229 | D        | Reached skill level 1 in Ice Magic
   229 | D        | Reached XP level 4. HP: 23/23 MP: 9/11
   236 | D        | Learned a level 3 spell: Tukima's Dance
   238 | D        | Killed a white draconian scorcher
   250 | D        | Gained mutation: You are clumsy. (Dex -2) [potion of mutation]
   250 | D        | Gained mutation: You are partially covered in rugged brown scales (AC +1, +3% HP). [potion of mutation]
   250 | D        | Lost mutation: You are clumsy. (Dex -2) [potion of mutation]
   251 | D        | Gained mutation: You passively map a small area around you. [potion of mutation]
   251 | D        | Gained mutation: You are dopey. (Int -2) [potion of mutation]
   251 | D        | Gained mutation: You are weak. (Str -2) [potion of mutation]
   252 | D        | Gained mutation: Your magical capacity is low (-10% MP). [potion of mutation]
   253 | D        | Lost mutation: You are weak. (Str -2) [potion of cure mutation]
   253 | D        | Lost mutation: Your magical capacity is low (-10% MP). [potion of cure mutation]
   253 | D        | Lost mutation: You are dopey. (Int -2) [potion of cure mutation]
   253 | D        | Lost mutation: You passively map a small area around you. [potion of cure mutation]
   283 | D        | Noticed a water elemental
   285 | D        | Killed a water elemental
   285 | D        | Reached skill level 5 in Spellcasting
   285 | D        | Reached skill level 5 in Hexes
   285 | D        | Reached XP level 5. HP: 26/26 MP: 12/14
   304 | D        | Noticed a shadow
   306 | D        | Killed a shadow
   306 | D        | Reached skill level 5 in Short Blades
   306 | D        | Reached skill level 8 in Dodging
   306 | D        | Reached skill level 9 in Stealth
   306 | D        | Reached XP level 6. HP: 30/32 MP: 14/16
   329 | D        | Found an oddly glowing altar of Pakellas.
   329 | D        | Found a stormy altar of Qazlal.
   330 | D        | Found a sacrificial altar of Ru.
   330 | D        | Found a burning altar of Makhleb.
   330 | D        | Found a viscous altar of Jiyva.
   330 | D        | Found a shimmering altar of Xom.
   330 | D        | Found a shadowy altar of Dithmenos.
   330 | D        | Found a sparkling altar of Nemelex Xobeh.
   330 | D        | Found a corrupted altar of Lugonu.
   330 | D        | Found an opulent altar of Gozag.
   330 | D        | Noticed a spatial vortex
   334 | D        | Became a worshipper of Dithmenos the Shadowed
   418 | D        | Killed a yaktaur
   464 | D        | Killed a spatial vortex
   464 | D        | Reached skill level 1 in Invocations
   529 | D        | Found a radiant altar of Vehumet.
   530 | D        | Found a deep blue altar of Sif Muna.
   530 | D        | Found an ancient bone altar of Kikubaaqudgha.
   531 | D        | Reached skill level 10 in Stealth
   550 | D        | Learned a level 1 spell: Magic Dart
   553 | D        | Learned a level 2 spell: Searing Ray
   558 | D        | Learned a level 4 spell: Fulminant Prism
   569 | D        | Found an iron altar of Okawaru.
   570 | D        | Found a bloodstained altar of Trog.
   570 | D        | Noticed a human
   570 | D        | Noticed a human
   574 | D        | Killed a human
   574 | D        | Reached * piety under Dithmenos
   574 | D        | Reached XP level 7. HP: 37/37 MP: 13/19
   589 | D        | Killed a human
   671 | D        | Found a glowing silver altar of Zin.
   672 | D        | Found a glowing golden altar of the Shining One.
   672 | D        | Found a white marble altar of Elyvilon.
   672 | D        | Noticed a deep elf mage
   674 | D        | Killed a deep elf mage
   674 | D        | Reached skill level 10 in Dodging
   674 | D        | Reached skill level 11 in Stealth
   674 | D        | Reached XP level 8. HP: 41/43 MP: 19/21
   687 | D        | Learned a level 4 spell: Iskenderun's Mystic Blast
   694 | D        | Found a snail-covered altar of Cheibriados.
   695 | D        | Found a basalt altar of Yredelemnul.
   695 | D        | Found a blossoming altar of Fedhas.
   696 | D        | Reached ** piety under Dithmenos
   725 | D        | Reached *** piety under Dithmenos
   725 | D        | Reached skill level 12 in Stealth
   739 | D        | Noticed Erolcha
   741 | D        | Killed Erolcha
   741 | D        | Reached skill level 13 in Stealth
   741 | D        | Reached skill level 10 in Spellcasting
   741 | D        | Reached XP level 9. HP: 47/47 MP: 22/24
   774 | D        | Learned a level 5 spell: Iskenderun's Battlesphere
   785 | D        | Reached skill level 1 in Charms
   877 | D        | Noticed a queen bee
   878 | D        | Reached **** piety under Dithmenos
   884 | D        | Reached ***** piety under Dithmenos
   918 | D        | Reached skill level 5 in Fighting
  1259 | D        | Reached ****** piety under Dithmenos
  1282 | D        | Killed a queen bee
  1282 | D        | Reached skill level 10 in Short Blades
  1282 | D        | Reached skill level 14 in Stealth
  1288 | D        | Reached XP level 10. HP: 45/52 MP: 4/26
  1288 | D        | Reached skill level 5 in Ice Magic
  1290 | D        | Reached skill level 5 in Armour
  1857 | D        | Noticed a spiny frog
  1857 | D        | Noticed a spiny frog
  1867 | D        | Killed a spiny frog
  1869 | D        | Killed a spiny frog
  1869 | D        | Reached skill level 5 in Charms
  2058 | D        | Reached skill level 15 in Stealth
  2063 | D        | Reached skill level 5 in Conjurations
  2091 | D        | Noticed a lindwurm
  2094 | D        | Killed a lindwurm
  2104 | D        | Noticed Maud
  2124 | D        | Killed Maud
  2124 | D        | Reached XP level 11. HP: 29/57 MP: 13/28
  2279 | D        | Noticed a seven-headed hydra
  2279 | D        | Noticed a six-headed hydra
  2289 | D        | Killed a seven-headed hydra
  2293 | D        | Killed a six-headed hydra
  2293 | D        | Reached skill level 16 in Stealth
  2295 | D        | Noticed a death drake
  2431 | D        | Killed a death drake
  2598 | D        | Found a blossoming altar of Fedhas.
  2598 | D        | Noticed a spriggan druid
  2600 | D        | Killed a spriggan druid
  2600 | D        | Reached skill level 15 in Dodging
  2637 | D        | Noticed a death drake
  2639 | D        | Killed a death drake
  2642 | D        | Noticed a death drake
  2643 | D        | Found Vadeq's Antique Weapon Emporium.
  2645 | D        | Killed a death drake
  2647 | D        | Found Coehav's Food Shop.
  2657 | D        | Reached skill level 10 in Hexes
  2750 | D        | Found Mumez's Book Shoppe.
  2866 | D        | Noticed a seven-headed hydra
  2871 | D        | Killed a seven-headed hydra
  2998 | D        | Got a decaying rune of Zot
  3093 | D        | Reached skill level 17 in Stealth
  3232 | D        | Noticed Rupert
  3247 | D        | Paralysed by Rupert for 5 turns
  3251 | D        | Killed Rupert
  3298 | D        | Noticed a death yak
  3299 | D        | Noticed a death yak
  3300 | D        | Killed a death yak
  3300 | D        | Reached XP level 12. HP: 64/64 MP: 25/31
  3301 | D        | Noticed an azure jelly
  3301 | D        | Noticed a death yak
  3301 | D        | Noticed an azure jelly
  3301 | D        | Noticed a death yak
  3302 | D        | Killed a death yak
  3312 | D        | Killed a death yak
  3485 | D        | Killed a death yak
  3485 | D        | Reached skill level 18 in Stealth
  3498 | D        | Noticed an azure jelly
  3498 | D        | Noticed an azure jelly
  3775 | D        | Noticed Polyphemus
  3789 | D        | Killed Polyphemus
  3801 | D        | Noticed Ilsuiw
  3802 | D        | Reached skill level 10 in Charms
  3993 | D        | Killed Ilsuiw
  4013 | D        | Found Lempises's Book Shoppe.
  4013 | D        | Found Iris's Distillery.
  4013 | D        | Found Qeriar's Antique Weapon Emporium.
  4013 | D        | Noticed a merfolk javelineer
  4015 | D        | Killed a merfolk javelineer
  4015 | D        | Reached skill level 15 in Spellcasting
  4033 | D        | Got a barnacled rune of Zot
  4109 | D        | Noticed a dire elephant
  4109 | D        | Noticed a dire elephant
  4109 | D        | Noticed Gastronok
  4111 | D        | Killed Gastronok
  4111 | D        | Reached skill level 19 in Stealth
  4112 | D        | Killed a dire elephant
  4114 | D        | Killed a dire elephant
  4265 | D        | Noticed an orc high priest
  4265 | D        | Noticed an orc high priest
  4270 | D        | Reached XP level 13. HP: 56/70 MP: 30/33
  4299 | D        | Found Raluh's Armour Shoppe.
  4437 | D        | Killed an azure jelly
  4502 | D        | Killed an azure jelly
  4502 | D        | Reached skill level 20 in Stealth
  4790 | D        | Killed an azure jelly
  4902 | D        | Killed an azure jelly
  4902 | D        | Reached skill level 15 in Short Blades
  4956 | D        | Bought a potion of curing for 42 gold pieces
  4956 | D        | Bought a potion of mutation for 35 gold pieces
  4956 | D        | Bought a potion of magic for 112 gold pieces
  4956 | D        | Bought a potion of curing for 42 gold pieces
  4956 | D        | Bought a potion of heal wounds for 70 gold pieces
  4959 | D        | Bought a book of Geomancy for 455 gold pieces
  4959 | D        | Bought a book of Clouds for 585 gold pieces
  4963 | D        | Learned a level 3 spell: Stone Arrow
  4967 | D        | Learned a level 3 spell: Mephitic Cloud
  4970 | D        | Learned a level 2 spell: Passwall
  4975 | D        | Learned a level 4 spell: Petrify
  5101 | D        | Bought a glowing dagger for 46 gold pieces
  5102 | D        | Bought 2 fruits for 39 gold pieces
  5102 | D        | Bought a slice of pizza for 19 gold pieces
  5102 | D        | Bought a bread ration for 65 gold pieces
  5103 | D        | Bought a book of Debilitation for 480 gold pieces
  5114 | D        | Learned a level 2 spell: Slow
  5326 | D        | Reached skill level 1 in Transmutations
  5377 | D        | Reached skill level 1 in Poison Magic
  5424 | D        | Reached skill level 1 in Air Magic
  5532 | D        | Noticed a deep elf annihilator
  5536 | D        | Noticed a deep elf demonologist
  5536 | D        | Noticed a deep elf annihilator
  5539 | D        | Noticed a Shadow Fiend
  5541 | D        | Noticed a deep elf death mage
  5541 | D        | Killed a deep elf annihilator
  5541 | D        | Reached skill level 1 in Earth Magic
  5542 | D        | Noticed a balrug
  5797 | D        | Killed a deep elf death mage
  5798 | D        | Noticed a Brimstone Fiend
  5799 | D        | Noticed a Shadow Fiend
  5985 | D        | Noticed a deep elf master archer
  5994 | D        | Killed a deep elf demonologist
  6065 | D        | Killed a deep elf master archer
  6068 | D        | Killed a ghostly deep elf death mage
  6162 | D        | Killed a deep elf annihilator
  6262 | D        | Reached skill level 21 in Stealth
  6522 | D        | Noticed Wiglaf
  6522 | D        | Noticed Frances
  6524 | D        | Killed Frances
  6526 | D        | Killed Wiglaf
  6526 | D        | Reached XP level 14. HP: 77/77 MP: 36/36
  6560 | D        | Learned a level 3 spell: Gell's Gravitas
  6837 | D        | Found Pidderit's Antique Armour Emporium.
  6837 | D        | Found Oqoelatann's Book Shop.
  6837 | D        | Found Zolewec's Jewellery Shoppe.
  6837 | D        | Found Wekhliuni's Antique Armour Boutique.
  6837 | D        | Found Tuoschaff's Antique Weapon Emporium.
  6837 | D        | Found Folum's Gadget Shop.
  6837 | D        | Found Jeiseuc's Food Emporium.
  6837 | D        | Found Telet's Weapon Boutique.
  6838 | D        | Found Natupp's Distillery.
  6838 | D        | Found Zorphirua's Book Shoppe.
  6838 | D        | Found Onlaihi's Antique Weapon Shop.
  6838 | D        | Found Casymel's Magic Scroll Emporium.
  6851 | D        | Bought a scroll of enchant weapon for 97 gold pieces
  6851 | D        | Bought a scroll of enchant weapon for 97 gold pieces
  6852 | D        | Bought a translucent rapier for 234 gold pieces
  6862 | D        | Identified the +1 rapier of Spores {holy, rF+} (You bought it in a shop in the Dungeon)
  6875 | D        | Bought the amulet "Geuvyu" {Gourm rPois rN++ Str+3} for 580 gold pieces
  6881 | D        | Bought a shiny buckler for 112 gold pieces
  6887 | D        | Bought a glowing robe for 17 gold pieces
  6887 | D        | Bought a cloak for 112 gold pieces
  6922 | D        | Reached skill level 1 in Translocations
  7091 | D        | Reached skill level 1 in Shields
  7122 | D        | Reached skill level 5 in Transmutations
  8058 | D        | Noticed an ancient lich
  8074 | D        | Got a scorched pewter ring
  8077 | D        | Identified the ring of Hard Scrabble {+Inv rN+ Str+2 Stlth+} (You found it in the Dungeon)
  8083 | D        | Gained mutation: You tend to lose your temper in combat. [potion of mutation]
  8083 | D        | Gained mutation: Armour fits poorly on your strangely shaped body. [potion of mutation]
  8083 | D        | Gained mutation: You regenerate slowly when monsters are visible. [potion of mutation]
  8181 | D        | Noticed Chuck
  8231 | D        | Killed Chuck
  8231 | D        | Reached skill level 22 in Stealth
  8231 | D        | Reached skill level 1 in Evocations
  8387 | D        | Noticed Frederick
  8390 | D        | Killed Frederick
  8390 | D        | Reached skill level 5 in Translocations
  8390 | D        | Reached skill level 5 in Poison Magic
  8404 | D        | Learned a level 4 spell: Cause Fear
  8412 | D        | Noticed a lich
  8415 | D        | Killed a lich
  8439 | D        | Noticed a shadow dragon
  8444 | D        | Noticed a shadow dragon
  8446 | D        | Killed a shadow dragon
  8447 | D        | Killed a shadow dragon
  8661 | D        | Noticed a sphinx
  8661 | D        | Noticed a sphinx
  8663 | D        | Killed a sphinx
  8663 | D        | Reached skill level 10 in Fighting
  8663 | D        | Reached skill level 5 in Air Magic
  8663 | D        | Reached skill level 5 in Earth Magic
  8664 | D        | Killed a sphinx
  8664 | D        | Reached XP level 15. HP: 80/82 MP: 38/38
  8666 | D        | Reached skill level 5 in Shields
  8747 | D        | Reached skill level 5 in Evocations
  9039 | D        | Reached skill level 23 in Stealth
  9355 | D        | Noticed a greater mummy
  9355 | D        | Noticed a greater mummy
  9655 | D        | Reached skill level 10 in Ice Magic
 10167 | D        | Killed a greater mummy
 10469 | D        | Killed a greater mummy
 10624 | D        | Got a golden rune of Zot
 10668 | D        | Got a shimmering fire dragon armour
 10679 | D        | Identified the +1 fire dragon armour of Mumblety Peg {rF++ rC- Stlth+} (You acquired it in the Dungeon)
 10690 | D        | Got a vibrating jade ring
 10692 | D        | Identified the ring of Icod {*Confuse rElec rPois rF+ rN+} (You acquired it in the Dungeon)
 10840 | D        | Noticed a shadow dragon
 10840 | D        | Noticed a titan
 10840 | D        | Noticed a shadow dragon
 10840 | D        | Noticed a frost giant
 10840 | D        | Noticed a fire giant
 10841 | D        | Noticed a fire giant
 10983 | D        | Killed a fire giant
 11169 | D        | Killed a frost giant
 11359 | D        | Reached skill level 24 in Stealth
 11441 | D        | Got a faintly glowing pewter amulet
 11449 | D        | Identified the amulet "Tydit" {Regen+ Stlth+} (You took it off a vault guard in the Dungeon)
 11560 | D        | Reached skill level 15 in Charms
 11632 | D        | Killed a shadow dragon
 11858 | D        | Killed a fire giant
 11860 | D        | Got a translucent zirconium amulet
 11950 | D        | Killed a shadow dragon
 11950 | D        | Reached skill level 10 in Transmutations
 12425 | D        | Got a faintly glowing robe
 12436 | D        | Identified the +1 robe of Niabb {Str+4 Int+4} (You took it off a skeletal warrior in the Dungeon)
 12548 | D        | Killed a titan
 12548 | D        | Reached skill level 10 in Armour
 12548 | D        | Reached XP level 16. HP: 86/88 MP: 24/40
 12700 | D        | Learned a level 5 spell: Lee's Rapid Deconstruction
 12806 | D        | Reached skill level 10 in Conjurations
 12806 | D        | Reached skill level 10 in Translocations
 12846 | D        | Got a silver rune of Zot
 12940 | D        | Identified the amulet of the Eagle {Dismiss rPois} (You took it off a fire giant in the Dungeon)
 13140 | D        | Noticed Azrael
 13142 | D        | Killed Azrael
 13214 | D        | Gained mutation: You passively map a small area around you. [potion of beneficial mutation]
 13809 | D        | Identified Xaidghan's Volume of the Frostbite and Transformation
 13863 | D        | Got a twitching sapphire amulet
 14023 | D        | Bought a scroll of remove curse for 39 gold pieces
 14104 | D        | Identified the amulet of Balance {Reflect rPois rC- Dex+5 Slay+6 SH+4} (You found it in the Dungeon)
 14379 | D        | Got a vibrating ruby amulet
 14562 | D        | Reached skill level 25 in Stealth
 14697 | D        | Noticed Boris
 14700 | D        | Killed Boris
 14700 | D        | Reached skill level 15 in Hexes
 14811 | D        | Identified the amulet of Wacuwkua {Reflect *Confuse rN+ Dex+2 Slay+2 SH+2} (You found it in the Dungeon)
 14814 | D        | Found Lank's Armour Emporium.
 14814 | D        | Found Xaosulu's Gadget Shop.
 14814 | D        | Found Wong's Gadget Shop.
 14814 | D        | Found Fuosinog's Food Shoppe.
 14824 | D        | Bought a wand of heal wounds (2/9) for 432 gold pieces
 14833 | D        | Found Yfoif's Food Boutique.
 15116 | D        | Noticed Roxanne
 15121 | D        | Killed Roxanne
 15127 | D        | Identified Roxanne's Collected Works on Changing (You took it off Roxanne in the Dungeon)
 15263 | D        | Noticed Mara
 15266 | D        | Killed Mara
 15266 | D        | Reached skill level 10 in Evocations
 15523 | D        | Noticed an ancient champion
 15524 | D        | Killed an ancient champion
 15569 | D        | Noticed Nikola
 15569 | D        | Noticed a storm dragon
 15575 | D        | Killed a storm dragon
 15575 | D        | Reached skill level 26 in Stealth
 15577 | D        | Killed Nikola
 15834 | D        | Noticed Mennas
 15836 | D        | Killed Mennas
 15836 | D        | Reached skill level 10 in Shields
 15927 | D        | Reached XP level 17. HP: 95/95 MP: 42/43
 16209 | D        | Noticed Geryon
 16211 | D        | Killed Geryon
 16213 | D        | Reached skill level 10 in Poison Magic
 16293 | D        | Noticed a greater mummy
 16294 | D        | Noticed a greater mummy
 16448 | D        | Noticed a greater mummy
 16448 | D        | Noticed a greater mummy
 16450 | D        | Killed a greater mummy
 16450 | D        | Reached skill level 27 in Stealth
 16458 | D        | Killed a greater mummy
 16463 | D        | Killed a greater mummy
 16503 | D        | Killed a greater mummy
 16801 | D        | Noticed Gloorx Vloq
 16804 | D        | Killed Gloorx Vloq
 16804 | D        | Reached skill level 10 in Air Magic
 16804 | D        | Reached skill level 10 in Earth Magic
 16818 | D        | Noticed a greater mummy
 16821 | D        | Killed a greater mummy
 17041 | D        | Reached skill level 15 in Translocations
 17053 | D        | Noticed a greater mummy
 17080 | D        | Killed a greater mummy
 17080 | D        | Reached XP level 18. HP: 52/101 MP: 46/46
 17340 | D        | Noticed a greater mummy
 17343 | D        | Noticed Ereshkigal
 17343 | D        | Killed a greater mummy
 17955 | D        | Killed Ereshkigal
 17955 | D        | Reached skill level 27 in Dodging
 17955 | D        | Reached skill level 15 in Transmutations
 17969 | D        | Got a bone rune of Zot
 18035 | D        | Noticed an iron giant
 18038 | D        | Killed an iron giant
 18090 | D        | Learned a level 6 spell: Freezing Cloud
 18147 | D        | Noticed a Hell Sentinel
 18150 | D        | Killed a Hell Sentinel
 18150 | D        | Reached skill level 15 in Evocations
 18153 | D        | Got a slimy buckler
 18164 | D        | Identified the +1 buckler of Holum {-Tele *Corrode rElec Int+5} (You found it in the Dungeon)
 18234 | D        | Noticed a Hell Sentinel
 18234 | D        | Noticed a Hell Sentinel
 18234 | D        | Noticed Dispater
 18236 | D        | Killed Dispater
 18237 | D        | Killed a Hell Sentinel
 18238 | D        | Killed a Hell Sentinel
 18245 | D        | Got an iron rune of Zot
 18430 | D        | Noticed an Ice Fiend
 18432 | D        | Killed an Ice Fiend
 18441 | D        | Noticed an Ice Fiend
 18443 | D        | Killed an Ice Fiend
 18452 | D        | Noticed an Ice Fiend
 18454 | D        | Killed an Ice Fiend
 18464 | D        | Noticed Antaeus
 18470 | D        | Noticed an Ice Fiend
 18472 | D        | Killed an Ice Fiend
 18488 | D        | Noticed an Ice Fiend
 18490 | D        | Killed an Ice Fiend
 19055 | D        | HP: 5/104 [Antaeus (46)]
 19056 | D        | Killed from afar by Antaeus

Vault maps used:
D:        dungeon_sprint_mu

Action                   |  1- 3 |  4- 6 |  7- 9 | 10-12 | 13-15 | 16-18 || total
-------------------------+-------+-------+-------+-------+-------+-------++-------
Melee: Dagger            |    16 |     8 |    63 |   323 |   167 |       ||   577
       Rapier            |       |       |       |       |   773 |   321 ||  1094
       Quick blade       |       |       |       |       |       |     9 ||     9
       Short sword       |       |       |       |       |       |     3 ||     3
Throw: Throwing net      |       |       |       |       |    12 |    14 ||    26
 Cast: Corona            |     1 |       |       |       |     2 |       ||     3
       Dazzling Spray    |       |    10 |     5 |    47 |   127 |    30 ||   219
       Ensorcelled Hiber |       |     1 |     9 |    27 |    11 |     5 ||    53
       Confuse           |       |       |     4 |     4 |    28 |    10 ||    46
       Iskenderun's Myst |       |       |     3 |       |     2 |       ||     5
       Magic Dart        |       |       |     2 |    23 |    46 |     2 ||    73
       Fulminant Prism   |       |       |     2 |     4 |     8 |     3 ||    17
       Searing Ray       |       |       |       |     3 |     6 |       ||     9
       Tukima's Dance    |       |       |       |     3 |    24 |     8 ||    35
       Passwall          |       |       |       |       |     3 |     2 ||     5
       Iskenderun's Batt |       |       |       |       |     4 |     1 ||     5
       Mephitic Cloud    |       |       |       |       |     4 |     3 ||     7
       Stone Arrow       |       |       |       |       |    14 |     7 ||    21
       Gell's Gravitas   |       |       |       |       |     1 |       ||     1
       Lee's Rapid Decon |       |       |       |       |       |    31 ||    31
       Cause Fear        |       |       |       |       |       |     2 ||     2
Invok: Shadow Step       |       |       |     1 |    10 |    23 |     9 ||    43
       Shadow Form       |       |       |       |     2 |     1 |       ||     3
 Abil: Evoke Invisibilit |       |       |       |       |     1 |     4 ||     5
       Evoke Flight      |       |       |       |       |       |    13 ||    13
       Stop Flying       |       |       |       |       |       |     2 ||     2
Evoke: Wand              |       |       |       |       |       |     2 ||     2
  Use: Potion            |     1 |     4 |     1 |     1 |     4 |     3 ||    14
       Scroll            |       |     2 |     1 |       |     9 |    16 ||    28
 Stab: Sleeping          |     4 |     6 |    17 |    35 |    57 |    90 ||   209
       Confused          |       |       |     2 |     1 |     9 |     5 ||    17
       Invisible         |       |       |       |     3 |     2 |     4 ||     9
       Held in net/web   |       |       |       |       |     9 |    11 ||    20
       Distracted        |       |       |       |       |     1 |     4 ||     5
  Eat: Bread ration      |       |       |       |     1 |     1 |     1 ||     3
       Pizza             |       |       |       |       |     1 |       ||     1
       Fruit             |       |       |       |       |     9 |       ||     9
